Unix NetHack Version 5.0.0-0 post-release - last build May 23 2026 06:08:33 (1c0ff79ee797540d5714e4e18072db0edd9e58ae,branch:main).

Game began 2026-05-22 13:03:42, ended 2026-05-27 09:19:34.

FutureTim, lawful female human Valkyrie

                         -------
                        .....h@|
                        .%..._U-----
                        .............
                         ........))[.
                          ....)..?)..
                            ..%......
                             .......

FutureTim the Fighter       St:11 Dx:15 Co:18 In:7 Wi:9 Ch:10  Lawful
Dlvl:13 $:175 HP:0(86) Pw:18(18) AC:-2 Xp:9 T:7041  Burdened Conf

Latest messages:
 A crossbow bolt misses you.
 A crossbow bolt misses you.
 A crossbow bolt misses you.
 A crossbow bolt misses you.
 A crossbow bolt misses you.
 The gnome hits!
 You kill the gnome!
 The gnome lord swings his crossbow.
 The gnome lord hits!
 You hit the gnome lord!
 The gnome lord swings his crossbow.
 The gnome lord misses!
 You hit the gnome lord!
 You kill the gnome lord!
 You see here a statue of an umber hulk.
 The statue comes to life!
 You hit the umber hulk!
 You hit the umber hulk!
 The umber hulk hits!
 The umber hulk just misses!
 The umber hulk bites!
 The umber hulk's gaze confuses you!
 The umber hulk hits!
 The umber hulk hits again!
 The umber hulk bites!
 Are you sure you want to pray? [yn] (n) y
 You begin praying to Tyr.
 The umber hulk hits!
 The umber hulk hits again!
 The umber hulk bites!
 The dwarf wields a pick-axe!
 You finish your prayer.
 You feel that Tyr is displeased.
 You hit the umber hulk!
 You miss the umber hulk.
 The umber hulk hits!
 The umber hulk misses!
 The umber hulk misses!
 The dwarf swings her pick-axe.
 The dwarf misses!
 You hit the dwarf!
 The umber hulk hits!
 The umber hulk hits again!
 The umber hulk bites!
 You die...
 Do you want your possessions identified? [ynq] (y) y
 Do you want to see your attributes? [ynq] (y) y
 Do you want an account of creatures vanquished? [ynaq] (y) y
 Do you want to see your conduct and achievements? [ynq] (y) y
 Do you want to see the dungeon overview? [ynq] (y) y

Inventory:
 Coins    ('$')
  $ - 175 gold pieces
 Weapons  (')')
  z - 7 poisoned +0 darts
  b - a +0 dagger (alternate weapon; not wielded)
  a - a +2 spear (weapon in right hand)
  u - a +0 long sword
 Armor    ('[')
  k - an uncursed rusty +0 helmet (being worn)
  v - an uncursed +0 pair of iron shoes (being worn)
  c - an uncursed +3 small shield (being worn)
  w - an uncursed +0 dwarvish cloak (being worn)
  O - an uncursed +0 dwarvish mithril-coat (being worn)
 Comestibles  ('%')
  d - 9 uncursed food rations
  q - an uncursed partly eaten food ration
 Scrolls  ('?')
  X - 2 uncursed scrolls of enchant weapon
  M - an uncursed scroll of identify
  U - a cursed scroll of teleportation
 Spellbooks  ('+')
  s - an uncursed spellbook of chain lightning
 Potions  ('!')
  x - a blessed potion of sleeping
 Rings    ('=')
  V - a cursed ring of polymorph
 Wands    ('/')
  Y - a wand of digging (0:5)
  W - a wand of secret door detection (0:11)
  g - a wand of wishing (0:1)
 Tools    ('(')
  T - a frost horn (0:7)
  i - an uncursed blindfold
  R - an uncursed lock pick
  t - a magic marker (0:71)
  p - a +0 pick-axe
  r - an uncursed skeleton key
  f - an uncursed tin whistle
  I - a +0 unicorn horn
  m - an uncursed partly used wax candle (lit)

FutureTim the Valkyrie's attributes:

Background:
 You were a Fighter, a level 9 human Valkyrie.
 You were lawful, on a mission for Tyr
 who was opposed by Odin (neutral) and Loki (chaotic).
 You were right-handed.
 You were in the Gnomish Mines, on level 13.
 You entered the dungeon 7041 turns ago.
 You had 3065 experience points, 2055 more were needed to attain level 10.

Basics:
 You had 0 out of 86 hit points.
 You had all 18 energy points (spell power).
 Your armor class was -2.
 Your wallet contained 175 zorkmids.
 Autopickup was off.

Final Characteristics:
 Your strength was 11 (peak:16, limit:18/100).
 Your dexterity was 15 (limit:18).
 Your constitution was 18 (limit:18).
 Your intelligence was 7 (limit:18).
 Your wisdom was 9 (limit:18).
 Your charisma was 10 (limit:18).

Final Status:
 You were confused.
 You were chained to a heavy iron ball.
 You weren't hungry.
 You were burdened; movement was slightly slowed.
 You were wielding a spear.
 You had expert skill with spear.

Final Attributes:
 You were piously aligned.
 Your items were somewhat protected from fire.
 You were cold resistant.
 Your items were somewhat protected from cold.
 You were poison resistant.
 You were telepathic.
 You were stealthy.
 You were guarded.
 You were fast.
 You were unlucky.
 Tyr was angry with you.
 You are dead.

Miscellaneous:
 You didn't encounter any bones levels.
 Total elapsed playing time was 3 hours, 18 minutes and 20 seconds.

Major events:
 Turn
    1: FutureTim the lawful human Valkyrie entered the dungeon
 1100: attained the rank of Skirmisher (level 3)
 1614: entered the Gnomish Mines
 2556: attained the rank of Fighter (level 6)
 2905: reached Mine Town
 7041: killed by an umber hulk

You didn't know any spells.

Skills:
 Fighting Skills
   bare handed combat [Unskilled]
   two weapon combat  [Unskilled]
   riding             [Unskilled]
 Weapon Skills
   dagger             [Basic]
   axe                [Unskilled]
   pick-axe           [Unskilled]
   short sword        [Unskilled]
   broadsword         [Unskilled]
   long sword         [Unskilled]
   two-handed sword   [Unskilled]
   saber              [Unskilled]
   hammer             [Unskilled]
   quarterstaff       [Unskilled]
   polearms           [Unskilled]
   spear              [Expert]
   trident            [Unskilled]
   lance              [Unskilled]
   sling              [Unskilled]
 Spellcasting Skills
   attack spells      [Unskilled]
   escape spells      [Unskilled]

Voluntary challenges:
 Character rerolling was not enabled.
 You never genocided any monsters.
 You never polymorphed an object.
 You never changed form.
 You used no wishes.
Achievements:
 You entered a shop.
 You attained the rank of Skirmisher.
 You entered the Gnomish Mines.
 You attained the rank of Fighter.
 You entered Minetown.
 You entered a temple.

 The Dungeons of Doom: levels 1 to 5
    Level 1:
       A fountain, a sink.
    Level 2:
    Level 3:
       A general store.
    Level 4:
       A general store.
       Stairs down to The Gnomish Mines.
    Level 5:
 The Gnomish Mines: levels 5 to 13
    Level 5:
    Level 6:
    Level 7:
       Many shops, a temple and an altar, some fountains, some trees.
    Level 8:
    Level 9:
    Level 10:
    Level 11:
    Level 12:
    Level 13: <- You were here.
       Final resting place for
          you, killed by an umber hulk.


Vanquished creatures:
  a zruty
  4 small mimics
  a xan
  a wood golem
  2 shocking spheres
  a large cat
  a carnivorous ape
  a crocodile
  2 giant beetles
  a quivering blob
  a cockatrice
  a panther
  a gremlin
  a mumak
  3 giant spiders
 an ice vortex
  2 vampire bats
  4 gnome rulers
  a lizard
  a dog
  a black unicorn
  a plains centaur
  a gnome mummy
  a snake
 an ape
  2 human zombies
  4 fire ants
  a wood nymph
  a fog cloud
  2 yellow lights
 15 gnome leaders
  2 gnomish wizards
  a kobold mummy
  a barrow wight
  5 giant ants
  2 floating eyes
 10 dwarves
  a homunculus
  5 hill orcs
  7 rothes
  a centipede
 an orc zombie
  3 dwarf zombies
  a werejackal
 an iguana
  a killer bee
 an acid blob
  a coyote
  a hobbit
  a large kobold
  a giant rat
  a yellow mold
 65 gnomes
  3 garter snakes
  a gnome zombie
  7 geckos
  2 jackals
  a kobold
  a goblin
  a sewer rat
  a grid bug
  4 lichens
  a kobold zombie
  8 newts
204 creatures vanquished.

No species were genocided or became extinct.

Game over:
                       ----------
                      /          \
                     /    REST    \
                    /      IN      \
                   /     PEACE      \
                  /                  \
                  |    FutureTim     |
                  |      175 Au      |
                  |   killed by an   |
                  |    umber hulk    |
                  |                  |
                  |                  |
                  |       2026       |
                 *|     *  *  *      | *
        _________)/\\_//(\/(/\)/\//\/|_)_______

Farvel FutureTim the Valkyrie...

You died in The Gnomish Mines on dungeon level 13 with 13078 points,
and 175 pieces of gold, after 7041 moves.
You were level 9 with a maximum of 86 hit points when you died.

